 Dungeon Crawl Stone Soup version 0.28.0-47-ge53b351184 (webtiles) character file.

Game seed: 13550243550318527322

0 Zeld the Sneak (level 1, 0/16 (19) HPs)
             Began as a Draconian Delver on Apr 28, 2022.
             Slain by a necrophage (2 damage)
             ... on level 5 of the Dungeon.
             The game lasted 00:00:24 (255 turns).

Zeld the Sneak (Draconian Delver)                    Turns: 255, Time: 00:00:24

HP:   0/16 (19)     AC:  4    Str: 14    XL:     1   Next: 0%
MP:   1/1           EV: 12    Int: 10    God:
Gold: 10            SH:  0    Dex: 12    Spells: 0/0 levels left

rFire   . . .      SeeInvis .   a - +0 hand axe
rCold   . . .      Faith    .   (no shield)
rNeg    . . .      Spirit   .   (armour unavailable)
rPois   .          Reflect  .   (helmet restricted)
rElec   .          Harm     .   (no cloak)
rCorr   .          Rampage  .   (no gloves)
Will    .....                   (no boots)
Stlth   +++.......              (no amulet)
HPRegen 0.05/turn               (no ring)
MPRegen 0.07/turn               (no ring)

@: heavily drained
A: AC +4, unfitting armour, cold-blooded
a: no special abilities


You were on level 5 of the Dungeon.
You visited 1 branch of the dungeon, and saw 1 of its levels.

You collected 10 gold pieces.

Inventory:

Hand Weapons
 a - a +0 hand axe (weapon)
Wands
 f - a wand of digging (3)
Scrolls
 b - a scroll of fog
 c - a scroll of magic mapping
 d - a scroll of fear
Potions
 e - a potion of haste


   Skills:
 * Level 3.2 Fighting
 * Level 2.0 Axes
 + Level 1.7 Dodging
 + Level 4.5 Stealth
 + Level 0.0 Evocations


You couldn't memorise any spells.
You didn't know any spells.
Your spell library was empty.

Dungeon Overview and Level Annotations

Branches:
Dungeon (5/15)
 Temple: D:4-7

Altars:


Innate Abilities, Weirdness & Mutations

Your plain brown scales are hard. (AC +4)
You cannot fit into any form of body armour.
You are cold-blooded and may be slowed by cold attacks.


Message History

Your tail-slap misses the necrophage.
The necrophage barely misses you. The necrophage hits you.
You feel drained.
You barely miss the necrophage. The necrophage closely misses you.
You hit the necrophage.
The necrophage is moderately damaged.
The necrophage barely misses you.
You barely miss the necrophage.
Your tail-slap misses the necrophage.
The necrophage is moderately damaged.
The necrophage hits you but does no damage.
You hit the necrophage.
Your tail-slap misses the necrophage.
The necrophage is heavily damaged.
The necrophage closely misses you.
You hit the necrophage but do no damage.
The necrophage is heavily damaged.
The necrophage hits you. The necrophage barely misses you.
You hit the necrophage.
The necrophage is heavily damaged.
The necrophage misses you.
You hit the necrophage.
The necrophage is severely damaged.
The necrophage hits you but does no damage.
You hit the necrophage.
The necrophage is severely damaged.
The necrophage hits you but does no damage.
You barely miss the necrophage.
The necrophage is severely damaged.
The necrophage hits you but does no damage.
You barely miss the necrophage.
The necrophage is severely damaged.
The necrophage misses you. The necrophage hits you.
You feel drained.
You are too injured to fight recklessly!
You barely miss the necrophage.
The necrophage is severely damaged.
The necrophage barely misses you.
You barely miss the necrophage.
The necrophage is severely damaged.
The necrophage hits you.
* * * LOW HITPOINT WARNING * * *
You feel drained.
You die...

#.# # #.# $# #.###n #....
.... ####.#.. #... #.# #
###########.####.### .#
...........@n......###.####
#####.....#.####.#.........
#.###.#.# #.##..#(#### #.
..... ..##..#.# #
.#.#.#######..#.#
#.#.#..........#.# #
#.##########.#.## #..
...........#
########...####


You could see a necrophage.

Vanquished Creatures (others)
  13 plants (D:5)
13 creatures vanquished.

Notes
Turn   | Place    | Note
-------+----------+-------------------------------------------
     0 | D:5      | Zeld the Draconian Delver began the quest for the Orb.
     0 | D:5      | Reached XP level 1. HP: 19/19 MP: 1/1
   119 | D:5      | Noticed a necrophage
   255 | D:5      | Slain by a necrophage

Illustrated notes

Levels and vault maps discovered:
D:5:      layout_basic, temple_fountains, serial_bayou, serial_bayou_shore_a,
          serial_bayou_pond_d, serial_bayou_pond_c, serial_bayou_shore_b

Action                   || total
-------------------------++-------
Melee: Hand axe          ||    13
Armor: Skin              ||     4
Dodge: Dodged            ||     8
